 Dungeon Crawl Stone Soup version 0.21.1-1-g345015f (webtiles) character file.

234 Kagorn the Skirmisher (level 6, -3/56 HPs)
             Began as a Hill Orc Fighter on June 14, 2018.
             Was a Follower of Makhleb.
             Slain by an iguana (8 damage)
             ... on level 4 of the Dungeon.
             The game lasted 00:11:51 (1944 turns).

Kagorn the Skirmisher (Hill Orc Fighter)            Turns: 1944, Time: 00:11:52

Health: -3/56      AC:  7    Str: 21    XL:     6   Next: 5%
Magic:  15/15      EV:  7    Int:  8    God:    Makhleb [*.....]
Gold:   166        SH:  9    Dex: 10    Spells: 5/5 levels left

rFire    . . .     SeeInvis .   a - +0 war axe
rCold    . . .     Gourm    .   c - +0 shield
rNeg     . . .     Faith    .   b - +0 scale mail
rPois    .         Spirit   .   (no helmet)
rElec    .         Reflect  .   (no cloak)
rCorr    .         Harm     .   (no gloves)
MR       .....                  (no boots)
Stlth    ..........             (no amulet)
HPRegen  0.18/turn              m - ring of magical power
MPRegen  0.14/turn              (no ring)

@: lethally poisoned (-3 -> -6)
A: no striking features
a: Renounce Religion


You were on level 4 of the Dungeon.
You worshipped Makhleb.
Makhleb was aware of your devotion.
You were not hungry.

You visited 1 branch of the dungeon, and saw 4 of its levels.

You collected 166 gold pieces.

Inventory:

Hand Weapons
 a - a +0 war axe (weapon)
Armour
 b - a +0 scale mail (worn)
 c - a +0 shield (worn)
Jewellery
 m - a ring of magical power (left hand)
Scrolls
 e - 4 scrolls of remove curse
 h - 4 scrolls of identify
 o - a scroll of magic mapping {unknown}
 p - 2 scrolls of teleportation {unknown}
 q - a scroll of random uselessness {unknown}
 r - a scroll of amnesia {unknown}
Potions
 d - a potion of might
 g - 2 potions of agility {unknown}
 i - 2 potions of haste {unknown}
 j - 2 potions of flight {unknown}
 k - 2 potions of brilliance {unknown}
 l - a potion of curing {unknown}
 n - a potion of berserk rage {unknown}
 s - a potion of degeneration {unknown}
Comestibles
 f - 2 rations


   Skills:
 * Level 5.3 Fighting
 * Level 5.2 Axes
 + Level 4.2 Armour
 + Level 4.1 Shields


You had 5 spell levels left.
You didn't know any spells.

Dungeon Overview and Level Annotations

Branches:
Dungeon (4/15)
 Temple: D:4-7

Altars:
Makhleb
Nemelex Xobeh


Message History

You hit the iguana.
You feel sick.
The worker ant bites you but does no damage.
You block the iguana's attack. The worker ant barely misses you.
You closely miss the worker ant.
The worker ant is heavily wounded.
You hit the iguana.
You feel sick. The iguana barely misses you. You block the worker ant's attack.
The iguana bites you!
* * * LOW HITPOINT WARNING * * *
Your shield prevents you from hitting the worker ant.
The worker ant is heavily wounded.
You barely miss the iguana.
You feel sick.
The worker ant bites you but does no damage.
The iguana bites you.
* * * LOW HITPOINT WARNING * * *
The worker ant bites you but does no damage.
You barely miss the worker ant.
The worker ant is heavily wounded.
You hit the iguana.
You feel sick. You block the worker ant's attack. The iguana bites you!
You die...

##########
#<........
######...####
#........+
#.#####.##.).#
#.....@.##...#
......la......#
................
...........######
...........#
...........#
...........#
...........#


You could see an iguana and a worker ant.

Vanquished Creatures
  The ghost of Judge the Magician, a weakling DEWz (D:3)
  2 orc wizards (D:3)
  A worker ant (D:4)
  2 adders (D:3)
  A gnoll (D:1)
  A worm (D:3)
  6 dart slugs
  5 leopard geckos
  5 orcs (D:3)
  6 giant cockroaches
  12 goblins
  6 hobgoblins
  6 jackals
  5 kobolds
  3 quokkas
  3 bats
  3 frilled lizards (D:3)
  5 rats
73 creatures vanquished.

Notes
Turn   | Place    | Note
-------+----------+-------------------------------------------
     0 | D:1      | Kagorn the Hill Orc Fighter began the quest for the Orb.
     0 | D:1      | Reached XP level 1. HP: 19/19 MP: 1/1
     6 | D:1      | Reached XP level 2. HP: 26/27 MP: 2/2
   129 | D:1      | Reached XP level 3. HP: 33/33 MP: 3/3
   521 | D:2      | Found a burning altar of Makhleb.
   547 | D:2      | Became a worshipper of Makhleb the Destroyer
   596 | D:2      | Found a faded altar of an unknown god.
   849 | D:2      | Reached XP level 4. HP: 38/41 MP: 4/4
  1169 | D:3      | Reached XP level 5. HP: 21/47 MP: 5/5
  1397 | D:3      | Reached * piety under Makhleb
  1449 | D:3      | Noticed Judge's ghost (weakling DEWz)
  1468 | D:3      | Killed Judge's ghost
  1468 | D:3      | Reached skill level 5 in Fighting
  1502 | D:3      | Reached skill level 5 in Axes
  1843 | D:3      | Found a sparkling altar of Nemelex Xobeh.
  1939 | D:4      | Reached XP level 6. HP: 38/56 MP: 6/6
  1944 | D:4      | Slain by an iguana

Skill      XL: |  1  2  3  4  5 |
---------------+----------------+-----
Axes           | 3 4 5 |  5.2
Fighting       | 4 5 |  5.3
Armour         | 4 |  4.2
Shields        | 4 |  4.1

Action                   |  1- 3 |  4- 6 || total
-------------------------+-------+-------++-------
Melee: War axe           |    87 |   122 ||   209
  Use: Scroll            |     1 |     1 ||     2
  Eat: Ration            |       |     1 ||     1
       Chunk             |       |     1 ||     1
Armor: Scale mail        |    29 |    75 ||   104
Dodge: Dodged            |    23 |    58 ||    81
Block: Shield            |    50 |   102 ||   152
